 Dungeon Crawl Stone Soup version 0.27-a0-334-g52645efa06 (webtiles) character file.

Game seed: 8985635671750467001

193 skwiii the Conjurer (level 5, -1/37 HPs)
             Began as a Gnoll Conjurer on Feb 14, 2021.
             Slain by a gnoll
             ... wielding a +0 spear
              (5 damage)
             ... on level 4 of the Dungeon.
             The game lasted 00:11:05 (3291 turns).

skwiii the Conjurer (Gnoll Conjurer)                Turns: 3291, Time: 00:11:05

Health: -1/37      AC:  2    Str:  7    XL:     5   Next: 72%
Magic:  0/12       EV: 13    Int: 18    God:
Gold:   182        SH:  0    Dex: 10    Spells: 4/14 levels left

rFire    . . .     SeeInvis .     - Unarmed
rCold    . . .     Faith    .   (no shield)
rNeg     . . .     Spirit   .   a - +0 robe
rPois    .         Reflect  .   (no helmet)
rElec    .         Harm     .   (no cloak)
rCorr    +         Rampage  .   (no gloves)
Will     .....                  (no boots)
Stlth    ++........             (no amulet)
HPRegen  0.12/turn              d - ring of resist corrosion
MPRegen  0.13/turn              (no ring)

@: no status effects
A: distributed training, fangs 1, strong nose
a: no special abilities


You were on level 4 of the Dungeon.
You visited 1 branch of the dungeon, and saw 4 of its levels.

You collected 182 gold pieces.

Inventory:

Armour
 a - a +0 robe (worn)
 f - a +0 robe
 i - a +0 robe
Jewellery
 d - a ring of resist corrosion (left hand)
 j - an amulet of regeneration {unknown}
Scrolls
 b - 2 scrolls of identify
 c - a scroll of fear {unknown}
 k - a scroll of enchant weapon {unknown}
Potions
 e - a potion of lignification {unknown}
 g - a potion of curing {unknown}
 h - 3 potions of degeneration {unknown}


   Skills:
 + Level 1.6 Fighting
 + Level 1.6 Short Blades
 + Level 1.6 Long Blades
 + Level 1.6 Axes
 + Level 1.6 Maces & Flails
 + Level 1.6 Polearms
 + Level 1.6 Staves
 + Level 1.6 Slings
 + Level 1.6 Bows
 + Level 1.6 Crossbows
 + Level 1.6 Throwing
 + Level 1.6 Armour
 + Level 4.8 Dodging
 + Level 4.4 Stealth
 + Level 1.6 Shields
 + Level 1.6 Unarmed Combat
 + Level 5.2 Spellcasting
 + Level 7.2 Conjurations
 + Level 1.3 Hexes
 + Level 1.3 Summonings
 + Level 1.3 Necromancy
 + Level 1.3 Translocations
 + Level 1.3 Transmutations
 + Level 1.3 Fire Magic
 + Level 1.3 Ice Magic
 + Level 1.3 Air Magic
 + Level 1.3 Earth Magic
 + Level 1.3 Poison Magic
 + Level 1.8 Invocations
 + Level 1.6 Evocations


You had 4 spell levels left.
You knew the following spells:

 Your Spells              Type           Power        Failure   Level
a - Magic Dart            Conj           100%         1%          1
b - Searing Ray           Conj           60%          1%          2
c - Dazzling Flash        Conj/Hex       40%          7%          3
d - Fulminant Prism       Conj/Hex       10%          22%         4

Your spell library contained the following spells:

 Spells                   Type           Power        Failure   Level
 Iskenderun's Mystic Bla  Conj/Tloc      20%          22%         4


Dungeon Overview and Level Annotations

Branches:
Dungeon (4/15)
 Temple: D:4-7

Altars:
Ashenzari
Fedhas
Makhleb
Vehumet


Innate Abilities, Weirdness & Mutations

Your experience applies equally to all skills.
You have very sharp teeth.
Your uncanny sense of smell can sniff out nearby items.


Message History

Confirm with . or Enter, or press ? or * to list all spells.
Aiming: Searing Ray (safe; 1% risk of failure)
Press: ? - help, Shift-Dir - straight line, f - gnoll
Aim: a gnoll, wielding a +0 spear (fast, 18% to evade)
The searing ray hits the gnoll!
The gnoll is severely wounded.
The searing ray hits the gnoll shaman!
You kill the gnoll shaman!
The searing ray hits the gnoll.
The gnoll is moderately wounded. (Press . to maintain the ray.)
The gnoll hits you but does no damage. The gnoll hits you.
* * * LOW HITPOINT WARNING * * *
The gnoll barely misses you.
The gnoll hits you from afar with a +0 spear.
* * * LOW HITPOINT WARNING * * *
The gnoll barely misses you. The gnoll completely misses you.
The gnoll closely misses you. The gnoll hits you.
* * * LOW HITPOINT WARNING * * *
Casting: Searing Ray (safe; 1% risk of failure)
Confirm with . or Enter, or press ? or * to list all spells.
Aiming: Searing Ray (safe; 1% risk of failure)
Press: ? - help, Shift-Dir - straight line, f/p - gnoll
Aim: a gnoll, wielding a +0 spear (moderately wounded, 18% to evade)
The searing ray hits the gnoll!
You kill the gnoll!
The searing ray hits the gnoll.
The gnoll is severely wounded. (Press . to maintain the ray.)
The gnoll closely misses you.
Unknown command.
Aiming: Magic Dart (safe; 1% risk of failure)
Press: ? - help, Q - select action, (/) - cycle Shift-Dir - straight line, f/p - gnoll
Aim: a gnoll, wielding a +0 spear (severely wounded, 0% to evade)
The magic dart hits the gnoll.
The gnoll is severely wounded.
The gnoll hits you from afar with a +0 spear.
You die...

##############.#
#..............#
#.############.# ..#
#(# ### #.######## #
#.#......# #######
#.#g####.#
#[....########.#†# #.#
'.....'......#.#@# #)#
#.....######.#.#.# #.#
#######
#...#.#.####.########
#.###.#.............##
#.#
#>...............##
#.#
#.######.######...#
#.#
#.######.######.#.##
#.#
#.............(.....
#.#
########.######g#.##


You could see a gnoll.

Vanquished Creatures
  A gnoll shaman (D:4)
  An iguana (D:3)
  4 gnolls (D:4)
  4 adders
  3 dart slugs
  2 leopard geckos
  4 giant cockroaches
  12 goblins
  3 hobgoblins
  4 jackals (D:4)
  9 bats
  2 frilled lizards (D:1)
  7 kobolds
  A quokka skeleton (D:4)
  6 rats
63 creatures vanquished.

Vanquished Creatures (others)
  3 fulminant prisms (D:4)
3 creatures vanquished.

Grand Total: 66 creatures vanquished

Notes
Turn   | Place    | Note
-------+----------+-------------------------------------------
     0 | D:1      | skwiii the Gnoll Conjurer began the quest for the Orb.
     0 | D:1      | Reached XP level 1. HP: 13/13 MP: 6/6
   191 | D:1      | Reached XP level 2. HP: 19/19 MP: 1/7
   194 | D:1      | Learned a level 2 spell: Searing Ray
   606 | D:1      | Reached XP level 3. HP: 25/25 MP: 6/9
   680 | D:1      | Reached skill level 5 in Spellcasting
  1139 | D:2      | Found a radiant altar of Vehumet.
  1211 | D:2      | Reached skill level 1 in Invocations
  1342 | D:2      | Reached skill level 1 in Fighting
  1342 | D:2      | Reached skill level 1 in Short Blades
  1342 | D:2      | Reached skill level 1 in Long Blades
  1342 | D:2      | Reached skill level 1 in Axes
  1342 | D:2      | Reached skill level 1 in Maces & Flails
  1342 | D:2      | Reached skill level 1 in Polearms
  1342 | D:2      | Reached skill level 1 in Staves
  1342 | D:2      | Reached skill level 1 in Slings
  1342 | D:2      | Reached skill level 1 in Bows
  1342 | D:2      | Reached skill level 1 in Crossbows
  1342 | D:2      | Reached skill level 1 in Throwing
  1342 | D:2      | Reached skill level 1 in Armour
  1342 | D:2      | Reached skill level 1 in Shields
  1342 | D:2      | Reached skill level 1 in Unarmed Combat
  1342 | D:2      | Reached skill level 1 in Evocations
  1458 | D:2      | Found a blossoming altar of Fedhas.
  1467 | D:2      | Found a burning altar of Makhleb.
  1864 | D:3      | Reached XP level 4. HP: 32/32 MP: 7/11
  2066 | D:3      | Found a broken altar of Ashenzari.
  2154 | D:3      | Learned a level 3 spell: Dazzling Flash
  2159 | D:3      | Learned a level 4 spell: Fulminant Prism
  2483 | D:3      | Reached skill level 1 in Hexes
  2483 | D:3      | Reached skill level 1 in Summonings
  2483 | D:3      | Reached skill level 1 in Necromancy
  2483 | D:3      | Reached skill level 1 in Translocations
  2483 | D:3      | Reached skill level 1 in Transmutations
  2483 | D:3      | Reached skill level 1 in Fire Magic
  2483 | D:3      | Reached skill level 1 in Ice Magic
  2483 | D:3      | Reached skill level 1 in Air Magic
  2483 | D:3      | Reached skill level 1 in Earth Magic
  2483 | D:3      | Reached skill level 1 in Poison Magic
  2918 | D:4      | Reached XP level 5. HP: 37/37 MP: 4/12
  3291 | D:4      | Slain by a gnoll

Illustrated notes

Levels and vault maps discovered:
D:1:      nicolae_arrival_memento_mori, layout_loops_ring,
          kennysheep_pointless_box, minmay_ruptured
D:2:      cheibrodos_old_hovel, layout_loops_ring, fiery_altar_vehumet,
          amethyst_overflow_temple_binary
D:3:      layout_basic, nicolae_overflow_crystal_walls
D:4:      layout_basic, minmay_checkerbox, uniq_blork_the_orc

Skill      XL: |  1  2  3  4 |
---------------+-------------+-----
Spellcasting   | 5 |  5.2
Invocations    | 1 |  1.8
Fighting       | 1 |  1.6
Short Blades   | 1 |  1.6
Long Blades    | 1 |  1.6
Axes           | 1 |  1.6
Maces & Flails | 1 |  1.6
Polearms       | 1 |  1.6
Staves         | 1 |  1.6
Slings         | 1 |  1.6
Bows           | 1 |  1.6
Crossbows      | 1 |  1.6
Throwing       | 1 |  1.6
Armour         | 1 |  1.6
Shields        | 1 |  1.6
Unarmed Combat | 1 |  1.6
Evocations     | 1 |  1.6
Hexes          | 1 |  1.3
Summonings     | 1 |  1.3
Necromancy     | 1 |  1.3
Translocations | 1 |  1.3
Transmutations | 1 |  1.3
Fire Magic     | 1 |  1.3
Ice Magic      | 1 |  1.3
Air Magic      | 1 |  1.3
Earth Magic    | 1 |  1.3
Poison Magic   | 1 |  1.3
Dodging        | |  4.8
Stealth        | |  4.4
Conjurations   | |  7.2

Action                   |  1- 3 |  4- 6 || total
-------------------------+-------+-------++-------
 Cast: Magic Dart        |    58 |    50 ||   108
       Searing Ray       |       |     4 ||     4
       Fulminant Prism   |       |     3 ||     3
  Use: Scroll            |     1 |       ||     1
Armor: Robe              |       |     3 ||     3
Dodge: Dodged            |     2 |    11 ||    13

Table legend: (Time is in decaauts)
 A = Elapsed time spent in this place.
 B = Non-inter-level travel time spent in this place.
 C = Inter-level travel time spent in this place.
 D = Time resting spent in this place.
 E = Time spent auto-exploring this place.
 F = Levels seen in this place.
 G = Mean time per level.
                   A        B        C        D        E       F      G
               +--------+--------+--------+--------+--------+-----+--------+
         Total |   3289 |   3210 |     79 |    191 |   2663 |   4 |  822.2 |
       Dungeon |   3289 |   3210 |     79 |    191 |   2663 |   4 |  822.2 |
               +--------+--------+--------+--------+--------+-----+--------+

Top non-repeatable levels by time:
     D:3: 1065 daAuts
     D:1: 1054 daAuts
     D:2: 760 daAuts
     D:4: 409 daAuts
